 Dungeon Crawl Stone Soup version 0.27-a0-1006-g1fd4cec11e (webtiles) character file.

Game seed: 16135839941022867712

452 voltaire321 the Poker (level 7, -1/53 HPs)
             Began as a Merfolk Gladiator on Apr 17, 2021.
             Was a Believer of Sif Muna.
             Slain by a hound (4 damage)
             ... on level 5 of the Dungeon.
             The game lasted 00:13:44 (3644 turns).

voltaire321 the Poker (Merfolk Gladiator)           Turns: 3644, Time: 00:13:45

Health: -1/53      AC:  4    Str: 14    XL:     7   Next: 5%
Magic:  7/9        EV: 15    Int:  8    God:    Sif Muna [**....]
Gold:   180        SH:  0    Dex: 23    Spells: 8/9 levels left

rFire    . . .     SeeInvis .   a - +0 trident
rCold    . . .     Faith    .   (no shield)
rNeg     . . .     Spirit   .   b - +0 leather armour
rPois    .         Reflect  .   c - +0 helmet
rElec    .         Harm     .   (no cloak)
rCorr    .         Rampage  .   (no gloves)
Will     .....                  (no boots)
Stlth    ++........             (no amulet)
HPRegen  0.17/turn              e - +6 ring of dexterity
MPRegen  0.11/turn              j - +4 ring of slaying

@: no status effects
A: (nimble swimmer 2), mertail
a: Renounce Religion, Channel Magic


You were on level 5 of the Dungeon.
You worshipped Sif Muna.
Sif Muna was pleased with you.
You visited 1 branch of the dungeon, and saw 5 of its levels.

You collected 180 gold pieces.

Inventory:

Hand Weapons
 a - a +0 trident (weapon)
Missiles
 d - 3 throwing nets (quivered)
 i - 4 datura-tipped darts
Armour
 b - a +0 leather armour (worn)
 c - a +0 helmet (worn)
 g - a +1 scale mail of fire resistance
Jewellery
 e - a +6 ring of dexterity (left hand)
 f - a ring of positive energy
 j - a +4 ring of slaying (right hand)
 o - a ring of magical power
Scrolls
 h - 6 scrolls of identify
 k - a scroll of amnesia {unknown}
 l - a scroll of enchant armour {unknown}
 n - 2 scrolls of immolation {unknown}
 q - a scroll of holy word {unknown}
Potions
 m - a potion of mutation {unknown}
 p - 2 potions of attraction {unknown}
 r - a potion of heal wounds


   Skills:
 + Level 3.7 Fighting
 + Level 6.2 Polearms
 - Level 2.4 Throwing
 + Level 1.4 Armour
 + Level 5.6 Dodging
 + Level 1.9 Spellcasting
 + Level 1.4 Conjurations
 + Level 1.4 Air Magic


You had 8 spell levels left.
You knew the following spells:

 Your Spells              Type           Power      Damage    Failure   Level
a - Shock                 Conj/Air       12%        1d3       26%         1

Your spell library contained the following spells:

 Spells                   Type           Power      Damage    Failure   Level
 Static Discharge         Conj/Air       3%         N/A       36%         2
 Corona                   Hex            0%         N/A       41%         1
 Ensorcelled Hibernation  Hex/Ice        0%         N/A       56%         2
 Swiftness                Air            3%         N/A       58%         3
 Dazzling Flash           Conj/Hex       2%         N/A       69%         3
 Confusing Touch          Hex            0%         N/A       80%         3
 Tukima's Dance           Hex            0%         N/A       80%         3
 Airstrike                Air            1%         N/A       94%         4
 Lightning Bolt           Conj/Air       1%         1d12      100%        5


Dungeon Overview and Level Annotations

Branches:
Dungeon (5/15)
 Temple: D:4-7

Altars:
Sif Muna
Yredelemnul

Shops:
D:5 =


Innate Abilities, Weirdness & Mutations

((You are quick and stealthy near water. (Stealth+, EV+, Speed+++)))
Your lower body shifts to a powerful aquatic tail in water.


Message History

The zap misses the gnoll.
The zap hits the gnoll.
The gnoll is moderately wounded.
The zap hits the gnoll sergeant but does no damage.
The gnoll hits you with a +0 whip.
You puncture the gnoll!
You kill the gnoll!
Sif Muna accepts your kill.
You barely miss the gnoll.
The gnoll is moderately wounded.
The gnoll hits you with a +0 whip.
The gnoll sergeant hits you from afar with a +3 spear of venom!
You hit the gnoll.
The gnoll is severely wounded.
The gnoll misses you. The gnoll sergeant closely misses you.
You barely miss the gnoll.
The gnoll is severely wounded.
The gnoll misses you. The gnoll sergeant misses you.
You closely miss the gnoll.
The gnoll is severely wounded.
The gnoll hits you with a +0 whip! The gnoll sergeant closely misses you.
You puncture the gnoll!
You kill the gnoll!
Sif Muna accepts your kill.
The gnoll sergeant hits you from afar with a +3 spear of venom!
You are poisoned.
You feel sick.
You feel sick.
The hound stops to sniff the ground.
You feel sick.
You feel sick.
You feel sick.
You feel sick.
You feel sick.
You feel sick.
You are no longer poisoned.
The hound bites you.
* * * LOW HITPOINT WARNING * * *
You see here 7 poisoned darts.
The hound bites you.
You die...

#.####.# #######.## #.#
.........# #.# #######..#
#.# #..# #.# #..# #.#
##..# #.# #...###.#### .
#..gh@>....# .
#########..####.##.#######
.
#.......g.................
.
#.).....#..###.###.#######
. #.#####.#..#
#.###.#######.## . #.#
#.#..###.#..#.........#
.###h#
#..........#.#######..#
.h).g# ###..#######.#
.###.#######..#######.#


You could see a gnoll sergeant, a hound and a gnoll.

Vanquished Creatures
  Eustachio (D:4)
  A phantom (D:5)
  Blork the orc (D:4)
  An iguana (D:5)
  An orc wizard (D:4)
  An adder (D:2)
  2 gnolls (D:5)
  An adder skeleton (D:4)
  2 worms
  A dart slug (D:1)
  4 orcs
  7 ball pythons
  5 endoplasms
  5 giant cockroaches
  5 hobgoblins
  4 jackals (D:1)
  2 quokkas (D:2)
  9 bats
  4 frilled lizards (D:2)
  6 goblins
  8 kobolds
  5 rats
76 creatures vanquished.

Vanquished Creatures (others)
  3 demonic plants (D:2)
  3 fungi (D:2)
  A plant (D:2)
  2 withered plants (D:2)
9 creatures vanquished.

Grand Total: 85 creatures vanquished

Notes
Turn   | Place    | Note
-------+----------+-------------------------------------------
     0 | D:1      | voltaire321 the Merfolk Gladiator began the quest for the
                  | Orb.
     0 | D:1      | Reached XP level 1. HP: 16/16 MP: 1/1
   189 | D:1      | Reached XP level 2. HP: 23/23 MP: 2/2
   856 | D:2      | Reached XP level 3. HP: 23/28 MP: 3/3
   910 | D:2      | Found a faded altar of an unknown god.
   948 | D:2      | Became a worshipper of Sif Muna the Loreminder
   948 | D:2      | Reached * piety under Sif Muna
  1145 | D:2      | Reached skill level 5 in Polearms
  1853 | D:3      | Reached XP level 4. HP: 26/34 MP: 4/4
  1956 | D:3      | Learned a level 1 spell: Shock
  2037 | D:3      | Reached ** piety under Sif Muna
  2393 | D:4      | Noticed Blork the orc
  2402 | D:4      | Killed Blork the orc
  2403 | D:4      | Reached skill level 5 in Dodging
  2403 | D:4      | Reached skill level 1 in Spellcasting
  2403 | D:4      | Reached XP level 5. HP: 33/41 MP: 4/6
  2482 | D:4      | Noticed Eustachio
  2605 | D:4      | Killed Eustachio
  2606 | D:4      | Reached skill level 1 in Armour
  2606 | D:4      | Reached skill level 1 in Conjurations
  2606 | D:4      | Reached skill level 1 in Air Magic
  2606 | D:4      | Reached XP level 6. HP: 8/47 MP: 6/8
  3092 | D:4      | Reached skill level 6 in Polearms
  3377 | D:5      | Entered Level 5 of the Dungeon
  3378 | D:5      | Noticed a black bear
  3432 | D:5      | Found Riaremue's Jewellery Shop.
  3435 | D:5      | Found a basalt altar of Yredelemnul.
  3552 | D:5      | Reached XP level 7. HP: 48/53 MP: 9/9
  3642 | D:5      | HP: 2/53 [hound (5)]
  3644 | D:5      | Slain by a hound

Illustrated notes

Levels and vault maps discovered:
D:1:      dpeg_arrival_solitude, layout_basic
D:2:      layout_loops_corners, shapermc_ecumenical_altar_gd, nrook_mini_vaults,
          grunt_decor_cap
D:3:      layout_basic, chequers_serial_rivers_micro_d
D:4:      layout_basic, uniq_blork_the_orc, uniq_eustachio
D:5:      layout_loops_ring, yredelemnul_altar_generic, temple_green,
          serial_shops, shop

Skill      XL: |  1  2  3  4  5  6 |
---------------+-------------------+-----
Polearms       | 5 6 |  6.2
Fighting       | 3 |  3.7
Dodging        | 5 |  5.6
Spellcasting   | 1 |  1.9
Armour         | 1 |  1.4
Conjurations   | 1 |  1.4
Air Magic      | 1 |  1.4
Throwing       | |  2.4

Action                   |  1- 3 |  4- 6 |  7- 9 || total
-------------------------+-------+-------+-------++-------
Melee: Trident           |   115 |    97 |    10 ||   222
Throw: Throwing net      |     1 |       |       ||     1
 Cast: Shock             |       |       |     5 ||     5
  Use: Scroll            |     1 |       |       ||     1
       Potion            |       |     1 |       ||     1
 Stab: Sleeping          |     5 |     6 |       ||    11
Armor: Leather armour    |    21 |    30 |     1 ||    52
Dodge: Dodged            |    69 |    95 |     7 ||   171

Table legend: (Time is in decaauts)
 A = Elapsed time spent in this place.
 B = Non-inter-level travel time spent in this place.
 C = Inter-level travel time spent in this place.
 D = Time resting spent in this place.
 E = Time spent auto-exploring this place.
 F = Levels seen in this place.
 G = Mean time per level.
                   A        B        C        D        E       F      G
               +--------+--------+--------+--------+--------+-----+--------+
         Total |   3649 |   3429 |    220 |    439 |   2166 |   5 |  729.8 |
       Dungeon |   3649 |   3429 |    220 |    439 |   2166 |   5 |  729.8 |
               +--------+--------+--------+--------+--------+-----+--------+

Top non-repeatable levels by time:
     D:2: 1077 daAuts
     D:4: 1060 daAuts
     D:1: 752 daAuts
     D:3: 537 daAuts
     D:5: 221 daAuts
